AoeStats
← Rene

Fortress

510518720Analyzed
1v1 RM · 2d ago on Oct 1, 2026· 21m 36s· 2 players
Game mode
Random Map
Map size
Small (3 player)
Population
200
Speed
Normal
Resources
Standard
Victory
Conquest
Starting age
Dark Age
Ending age
Imperial Age
RankedLock teamsTeams togetherTeam positionsShared explorationLock speedFull tech treeHidden civsTurbo modeCheats
Victory
Defeat
🇨🇭 Spanish · Switzerland
1269
+14
🇳🇱 Bohemians · Netherlands
1230
-14
Rene
7:09 Feudal Age
11:02 Castle Age
9:17 Horse Collar
10:44 Double-Bit Axe
12:16 Bow Saw
12:18 Heavy Plow
17:44 Fletching
18:44 Wheelbarrow
21:18 Loom
21:19 Town Watch
21:49 Hand Cart
Sun Tzu 1337
8:14 Feudal Age
9:19 Double-Bit Axe
11:58 Castle Age
10:05 Horse Collar
10:24 Gold Mining
17:46 Loom
23:19 Imperial Age
Connection lost

Rejoining the realm…

Still unreachable

The connection could not be restored.

Session expired

The server has moved on; the page needs a fresh start.